 Dungeon Crawl Stone Soup version 0.30-a0-223-gcb0039aa0c (webtiles) character file.

Game seed: 905520479635904685

15 gruber the Covert (level 2, 0/26 HPs)
             Began as a Gnoll Wanderer on Oct 9, 2022.
             Slain by a frilled lizard (3 damage)
             ... on level 1 of the Dungeon.
             The game lasted 00:00:43 (93 turns).

gruber the Covert (Gnoll Wanderer)                    Turns: 93, Time: 00:00:44

Health: 0/26       AC:  3    Str: 11    XL:     2   Next: 50%
Magic:  2/2        EV: 11    Int: 10    God:
Gold:   0          SH:  0    Dex: 12    Spells: 2/2 levels left

rFire   . . .      SeeInvis .    a - +0 dagger
rCold   . . .      Faith    .    (no shield)
rNeg    . . .      Spirit   .    g - +0 leather armour
rPois   .          Reflect  .    (no helmet)
rElec   .          Harm     .    (no cloak)
rCorr   .          Rampage  .    (no gloves)
Will    .....                    (no boots)
Stlth   ++++......               (no amulet)
HPRegen 0.24/turn                (no ring)
MPRegen 0.08/turn                (no ring)

@: no status effects
A: fangs 1, strong nose, distributed training
a: no special abilities


You were on level 1 of the Dungeon.
You visited 1 branch of the dungeon, and saw 1 of its levels.

Inventory:

Hand Weapons
 a - a +0 dagger (weapon)
 f - a +0 dagger
Missiles
 b - 2 atropa-tipped darts (quivered)
 c - 2 datura-tipped darts
 e - 13 poisoned darts
Armour
 g - a +0 leather armour (worn)
Jewellery
 h - a ring of fire
Potions
 d - 2 potions of lignification


   Skills:
 + Level 4.5 Fighting
 + Level 0.5 Short Blades
 + Level 0.5 Long Blades
 + Level 0.5 Axes
 + Level 0.5 Maces & Flails
 + Level 0.5 Polearms
 + Level 0.5 Staves
 + Level 0.5 Ranged Weapons
 + Level 2.5 Throwing
 + Level 0.5 Armour
 + Level 0.5 Dodging
 + Level 9.5 Stealth
 + Level 0.5 Shields
 + Level 4.5 Unarmed Combat
 + Level 0.5 Spellcasting
 + Level 0.3 Conjurations
 + Level 0.3 Hexes
 + Level 0.3 Summonings
 + Level 0.3 Necromancy
 + Level 0.3 Translocations
 + Level 0.3 Transmutations
 + Level 0.3 Fire Magic
 + Level 0.3 Ice Magic
 + Level 0.3 Air Magic
 + Level 0.3 Earth Magic
 + Level 0.3 Poison Magic
 + Level 0.6 Invocations
 + Level 0.5 Evocations


You had 2 spell levels left.
You didn't know any spells.
Your spell library was empty.

Dungeon Overview and Level Annotations

Branches:
Dungeon (1/15)

Altars:


Innate Abilities, Weirdness & Mutations

You have very sharp teeth.
Your uncanny sense of smell can sniff out nearby items.
Your experience applies equally to all skills.


Message History

* * * LOW HITPOINT WARNING * * *
You hit the jackal.
You kill the jackal!
The frilled lizard barely misses you.
The jackal bites you but does no damage.
You hit the jackal.
The jackal is lightly wounded.
The frilled lizard closely misses you.
The jackal bites you but does no damage.
You hit the jackal.
The jackal is heavily wounded.
The jackal bites you but does no damage.
The frilled lizard barely misses you.
You miss the jackal.
The jackal is heavily wounded.
The jackal bites you but does no damage.
The frilled lizard unfolds its giant frill.
The frilled lizard barely misses you. The jackal bites you.
* * * LOW HITPOINT WARNING * * *
You closely miss the jackal.
The jackal is moderately wounded.
The jackal barely misses you. The frilled lizard bites you.
* * * LOW HITPOINT WARNING * * *
You hit the jackal but do no damage.
The jackal is moderately wounded.
The jackal barely misses you.
The frilled lizard bites you but does no damage.
You hit the jackal but do no damage.
The jackal is moderately wounded.
The jackal misses you. The frilled lizard bites you.
* * * LOW HITPOINT WARNING * * *
The jackal bites you but does no damage.
You closely miss the frilled lizard. The jackal closely misses you.
The frilled lizard barely misses you.
You closely miss the frilled lizard. The jackal closely misses you.
The frilled lizard bites you but does no damage.
The jackal bites you but does no damage.
You hit the frilled lizard but do no damage.
The frilled lizard bites you.
You die... ### #.. #.. ### ##.# #..
Bg#

#. ∆ #.# #l##.#.# #### #.#
#@##.#.# #... #.# #h##.#.## #..⌠
#.# ###b##....## ####... #.#
#..K.......###.#....
#####.###...................
###..................##...#..<
#.......$......†..............
#.......).###.....##.#####.#....
#.#.....b.# ########.# ####...


You could see a jackal, a giant cockroach, a goblin, a bat, a kobold and a
frilled lizard.

Vanquished Creatures
  A gnoll (D:1)
  3 jackals (D:1)
  A bat (D:1)
  A rat (D:1)
6 creatures vanquished.

Notes
Turn   | Place    | Note
-------+----------+-------------------------------------------
     0 | D:1      | Reached skill level 9 in Stealth
     0 | D:1      | gruber the Gnoll Wanderer began the quest for the Orb.
     0 | D:1      | gruber set off with the following items: a +0 dagger, 2
                  | atropa-tipped darts, 2 datura-tipped darts, 2 potions of
                  | lignification, 13 poisoned darts, a +0 dagger, a +0 leather
                  | armour.
     0 | D:1      | Reached XP level 1. HP: 20/20 MP: 1/1
    39 | D:1      | Noticed an eye of devastation
    43 | D:1      | Reached XP level 2. HP: 26/26 MP: 2/2
    93 | D:1      | Slain by a frilled lizard

Illustrated notes

Levels and vault maps discovered:
D:1:      dpeg_arrival_arbitrary_c, layout_loops_ring,
          hellmonk_ecumenical_altar_watching_god

Skill      XL: | |
---------------+-+-----
Stealth        | |  9.5
Fighting       | |  4.5
Short Blades   | |  0.5
Long Blades    | |  0.5
Axes           | |  0.5
Maces & Flails | |  0.5
Polearms       | |  0.5
Staves         | |  0.5
Ranged Weapons | |  0.5
Throwing       | |  2.5
Armour         | |  0.5
Dodging        | |  0.5
Shields        | |  0.5
Unarmed Combat | |  4.5
Spellcasting   | |  0.5
Conjurations   | |  0.3
Hexes          | |  0.3
Summonings     | |  0.3
Necromancy     | |  0.3
Translocations | |  0.3
Transmutations | |  0.3
Fire Magic     | |  0.3
Ice Magic      | |  0.3
Air Magic      | |  0.3
Earth Magic    | |  0.3
Poison Magic   | |  0.3
Invocations    | |  0.6
Evocations     | |  0.5

Action                   || total
-------------------------++-------
Melee: Dagger            ||    34
       Punch             ||     3
       Bite              ||     1
 Stab: Sleeping          ||     1
Armor: Leather armour    ||    29
Dodge: Dodged            ||    51

Table legend: (Time is in decaauts)
 A = Elapsed time spent in this place.
 B = Non-inter-level travel time spent in this place.
 C = Inter-level travel time spent in this place.
 D = Time resting spent in this place.
 E = Time spent auto-exploring this place.
 F = Levels seen in this place.
 G = Mean time per level.
                   A        B        C        D        E       F      G
               +--------+--------+--------+--------+--------+-----+--------+
         Total |     92 |     92 |      0 |      0 |     19 |   1 |   92.0 |
       Dungeon |     92 |     92 |      0 |      0 |     19 |   1 |   92.0 |
               +--------+--------+--------+--------+--------+-----+--------+

Top non-repeatable levels by time:
     D:1: 92 daAuts
